 Dungeon Crawl Stone Soup version 0.23-a0-150-g7664ed78f7 (webtiles) character file.

41 Holzbalken the Insei (level 3, -3/26 HPs)
             Began as a Demonspawn Transmuter on Sept 7, 2018.
             Slain by a gnoll
             ... wielding a +0 spear
              (6 damage)
             ... on level 1 of the Dungeon.
             The game lasted 00:03:31 (1093 turns).

Holzbalken the Insei (Demonspawn Transmuter)        Turns: 1093, Time: 00:03:32

Health: -3/26      AC:  2    Str: 10    XL:     3   Next: 32%
Magic:  6/6        EV: 13    Int: 14    God:
Gold:   33         SH:  0    Dex: 14    Spells: 3/6 levels left

rFire    . . .     SeeInvis +     - Unarmed
rCold    . . .     Gourm    .   (no shield)
rNeg     . . .     Faith    .   b - +0 robe
rPois    .         Spirit   .   (helmet restricted)
rElec    .         Reflect  .   (no cloak)
rCorr    .         Harm     .   (no gloves)
MR       .....                  (boots currently unavailable)
Stlth    +.........             (no amulet)
HPRegen  0.08/turn              e - ring of see invisible
MPRegen  0.10/turn              (no ring)

@: appendage (expiring)
A: antennae 1, claws 1, talons 3
a: End Transformation


You were on level 1 of the Dungeon.
You were not hungry.
You had grown temporary talons.
You visited 1 branch of the dungeon, and saw 1 of its levels.

You collected 33 gold pieces.

Inventory:

Missiles
 a - 12 arrows
Armour
 b - a +0 robe (worn)
Jewellery
 e - a ring of see invisible (left claw)
Scrolls
 f - a scroll of fear {unknown}
 g - a scroll of enchant armour {unknown}
 h - 2 scrolls of teleportation {unknown}
Potions
 i - a potion of lignification {unknown}
 j - a potion of curing {unknown}
Comestibles
 c - a chunk of flesh
 d - a ration


   Skills:
 + Level 1.2 Fighting
 + Level 2.3 Dodging
 + Level 0.2 Stealth
 + Level 3.4 Unarmed Combat
 + Level 2.1 Spellcasting
 + Level 1.7 Transmutations


You had 3 spell levels left.
You knew the following spells:

 Your Spells              Type           Power        Failure   Level  Hunger
a - Beastly Appendage     Tmut           #.....       12%         1    #......
b - Sticks to Snakes      Tmut           #.......     17%         2    ###....

Your spell library contained the following spells:

 Spells                   Type           Power        Failure   Level  Hunger
 Spider Form              Tmut/Pois      #.........   43%         3    ###....
 Ice Form                 Ice/Tmut       #.......     85%         4    #####..
 Blade Hands              Tmut           #.........   97%         5    ######.


Dungeon Overview and Level Annotations

Branches:
Dungeon (1/15)

Altars:


Innate Abilities, Weirdness & Mutations

You have a pair of small antennae on your head.
You have sharp fingernails.
You have claws for feet.


Message History

The gnoll completely misses you.
You scratch the gnoll but do no damage. You claw the gnoll.
The gnoll is moderately wounded.
The gnoll barely misses you.
You scratch the gnoll but do no damage. Your kick misses the gnoll.
The gnoll is moderately wounded.
Your transformation is almost over.
The gnoll hits you with a spear!
You closely miss the gnoll.
The gnoll is moderately wounded.
The gnoll hits you with a spear!
* * * LOW HITPOINT WARNING * * *
You scratch the gnoll. Your kick misses the gnoll.
The gnoll is heavily wounded.
The gnoll hits you with a spear.
* * * LOW HITPOINT WARNING * * *
You scratch the gnoll.
The gnoll is heavily wounded.
The gnoll hits you with a spear.
You die...

≈≈.#...# ####
#.#...............
≈......#
#.#............##.
..##...#
#.#.....##.####### .##
.# ####.##....##.# #...
.# ####..........##.#
#.## ## ...g.........#
#.# ##.## #.#### #.#
#.... #g# #.# #..## #@#
#.###.... #.# #........
#.# #........ #.#
#.###..## #######.# #.#
#.... #### #.......# #.#
#..## ...#
#.##############.###....
##.#######.#
#........###.##
...........# #.#####..#
#.##


You could see a gnoll.

Vanquished Creatures
  3 dart slugs (D:1)
  A giant cockroach (D:1)
  6 goblins (D:1)
  2 hobgoblins (D:1)
  4 jackals (D:1)
  2 kobolds (D:1)
  A ball python (D:1)
  4 bats (D:1)
  10 frilled lizards (D:1)
  A rat (D:1)
34 creatures vanquished.

Notes
Turn   | Place    | Note
-------+----------+-------------------------------------------
     0 | D:1      | Holzbalken the Demonspawn Transmuter began the quest for
                  | the Orb.
     0 | D:1      | Reached XP level 1. HP: 15/15 MP: 3/3
    44 | D:1      | Reached skill level 3 in Unarmed Combat
   228 | D:1      | Gained mutation: You have sharp fingernails. [demonic
                  | ancestry]
   228 | D:1      | Reached XP level 2. HP: 15/21 MP: 5/5
   729 | D:1      | Gained mutation: You have a pair of small antennae on your
                  | head. [demonic ancestry]
   729 | D:1      | Reached XP level 3. HP: 18/26 MP: 6/6
  1054 | D:1      | Learned a level 2 spell: Sticks to Snakes
  1093 | D:1      | Slain by a gnoll

Vault maps used:
D:1:      minmay_arrival_arboretum_small, minmay_misc_feat_cross,
          minmay_misc_feat_square, minmay_lizard_pond

Skill      XL: |  1 |
---------------+----+-----
Unarmed Combat | 3 |  3.4
Dodging        | 2 |  2.3
Fighting       | |  1.2
Stealth        | |  0.2
Spellcasting   | |  2.1
Transmutations | |  1.7

Action                   || total
-------------------------++-------
Melee: Unarmed           ||   107
       Kick              ||     5
 Cast: Beastly Appendage ||     5
 Stab: Sleeping          ||     2
       Distracted        ||     1
  Eat: Chunk             ||     1
Armor: Robe              ||    15
Dodge: Dodged            ||    64

Table legend:
 A = Non-vault XP
 B = Vault XP
 C = Vault XP percentage of total XP
 D = Non-vault monster count
 E = Vault monster count
 F = Vault count percentage of total count
                 A         B        C        D         E       F
            +---------+---------+-------+---------+---------+-------
      Total |      52 |       7 |  11.9 |      27 |       7 |  20.6
            +---------+---------+-------+---------+---------+-------
        D:1 |      52 |       7 |  11.9 |      27 |       7 |  20.6
            +---------+---------+-------+---------+---------+-------
